AoeStats
← Bzm_Cordobez

Oasis

509698050Analyzed
2v2 RM · 6d ago on Sep 27, 2026· 15m 10s· 4 players
Game mode
Random Map
Map size
Medium (4 player)
Population
200
Speed
Normal
Resources
Standard
Victory
Conquest
Starting age
Dark Age
Ending age
Imperial Age
RankedLock teamsTeams togetherTeam positionsShared explorationLock speedFull tech treeHidden civsTurbo modeCheats
Victory
Defeat
🇹🇷 Khmer · Türkiye
1654
+14
🇹🇷 Ethiopians · Türkiye
1651
+14
🇹🇷 Danes · Türkiye
1619
-14
🇹🇷 Saracens · Türkiye
1612
-14
ayz1912
7:54 Loom
10:15 Feudal Age
11:11 Double-Bit Axe
14:28 Fletching
Smoke Monkey.Mua
6:12 Loom
8:48 Feudal Age
9:04 Man-at-Arms
Bzm_Cordobez
6:38 Loom
9:05 Feudal Age
Bzm_Kuvâ-yi Milliye
8:32 Feudal Age
8:13 Loom
9:01 Double-Bit Axe
14:48 Town Watch
15:38 Wheelbarrow
Connection lost

Rejoining the realm…

Still unreachable

The connection could not be restored.

Session expired

The server has moved on; the page needs a fresh start.